 Dungeon Crawl Stone Soup version 0.31-b1-22-gc680215f68 (webtiles) character file.

Game seed: 15380250513816545861

375 losten the Slasher (level 6, -9/47 HPs)
             Began as a Demonspawn Gladiator on Jan 19, 2024.
             Mangled by an ogre
             ... wielding a +0 giant club
              (28 damage)
             ... on level 4 of the Dungeon.
             The game lasted 00:05:39 (2470 turns).

losten the Slasher (Demonspawn Gladiator)           Turns: 2470, Time: 00:05:40

Health: -9/47      AC:  8    Str: 15    XL:     6   Next: 44%
Magic:  9/9        EV: 12    Int: 10    God:
Gold:   247        SH:  4    Dex: 14    Spells: 9/9 levels left

rFire   . . .        y - +3 flail
rCold   + . .        (no shield)
rNeg    . . .        n - +2 leather armour {rC+}
rPois   .            c - +0 helmet
rElec   .            b - +0 cloak
rCorr   .            k - +0 pair of gloves
SInv    .            (no boots)
Will    .....        s - amulet of regeneration
Stlth   +            (no ring)
HPRegen 1.07/turn    (no ring)
MPRegen 0.11/turn

%: no passive effects
@: no status effects
A: hooves 1, foul stench 1, condensation shield
a: no special abilities


You were on level 4 of the Dungeon.
You visited 1 branch of the dungeon, and saw 6 of its levels.

You collected 247 gold pieces.

Inventory:

Hand Weapons
 a - a +0 long sword
 y - a +3 flail (weapon)
Missiles
 d - 2 throwing nets (quivered)
 e - 7 javelins
 p - 6 poisoned darts
Armour
 b - a +0 cloak (worn)
 c - a +0 helmet (worn)
 k - a +0 pair of gloves (worn)
 n - a +2 leather armour of cold resistance (worn)
Jewellery
 s - an amulet of regeneration (around neck)
Wands
 v - a wand of flame (19)
Scrolls
 f - a scroll of enchant armour {unknown}
 g - 8 scrolls of identify {unknown}
 j - a scroll of poison {unknown}
 m - a scroll of enchant weapon {unknown}
 o - a scroll of noise {unknown}
 r - 2 scrolls of immolation {unknown}
 u - a scroll of blinking {unknown}
Potions
 h - a potion of heal wounds {unknown}
 i - a potion of berserk rage {unknown}
 l - a potion of enlightenment {unknown}
 q - 2 potions of degeneration {unknown}
 t - a potion of might {unknown}
 w - a potion of curing {unknown}
 x - a potion of attraction {unknown}
 z - a potion of lignification {unknown}


   Skills:
 + Level 3.2 Fighting
 + Level 4.0 Long Blades
 + Level 2.0 Maces & Flails
 + Level 2.0 Throwing
 + Level 1.0 Armour
 + Level 3.3 Dodging
 + Level 0.6 Stealth
 + Level 1.4 Shields
 * Level 2.1 Spellcasting


You had 9 spell levels left.
You didn't know any spells.
Your spell library contained the following spells:

 Spells                   Type           Power      Damage    Failure   Level
 Sublimation of Blood     Necr           1%         N/A       50%         2
 Petrify                  Alch/Erth      1%         N/A       98%         4
 Irradiate                Conj/Alch      0%         3d11      100%        5


Dungeon Overview and Level Annotations

Branches:
Dungeon (6/15)
 Temple: D:4-7

Altars:
Sif Muna
Wu Jian


Innate Abilities, Weirdness & Mutations

You have large cloven feet.
You may rarely emit foul miasma when damaged in melee.
A meltable shield of frost defends you. (SH +4)


Message History

Your Maces & Flails skill increases to level 2!
You now have 230 gold pieces (gained 10).
You see here a jackal corpse.
z - a lumpy clear potion A hound comes into view.
A hound is nearby!
The hound bites you but does no damage.
You see here 17 gold pieces.
You barely miss the hound. You kick the hound.
The hound is lightly wounded.
The hound closely misses you. The hound bites you.
You hit the hound.
The hound is moderately wounded.
The hound closely misses you. The hound barely misses you.
You closely miss the hound.
The hound is moderately wounded.
The hound closely misses you. x2
You sock the hound! Your kick misses the hound.
The hound is severely wounded.
You block the hound's attack. The hound closely misses you.
You hit the hound.
The hound is almost dead.
The hound bites you. You block the hound's attack.
You hit the hound.
You kill the hound!
Your Shields skill increases to level 1!
You now have 247 gold pieces (gained 17).
Found a stone staircase leading down.
You see here a scarf of repulsion.
An ogre comes into view. It is wielding a +0 giant club.
Found 3 stones.
You hit the ogre.
The ogre is moderately wounded.
The ogre hits you with a +0 giant club!!
Ouch! That really hurt!
You sock the ogre!
The ogre is heavily wounded.
The ogre hits you with a +0 giant club!!
Ouch! That really hurt!
You die...

## .# .#
####.#####. ###
#.[@.......
..#########
#.##O#####(
........#.## #.#
.#
.........#.###.#
.#
....###.###....#
.# ....#
#..#.##### .#
....# #.#..# .#
....# #.#..# .#
....# #.#..#


You could see an ogre.

Vanquished Creatures
  2 ogres
  A hound (D:4)
  2 orc priests
  An orc wizard (D:5)
  2 dart slugs
  2 ribbon worms
  10 orcs
  3 ball pythons
  3 bats
  7 endoplasms
  5 giant cockroaches
  5 goblins
  2 hobgoblins
  5 jackals (D:4)
  5 quokkas
  2 frilled lizards (D:2)
  4 kobolds
  8 rats
69 creatures vanquished.

Notes
Turn   | Place    | Note
-------+----------+-------------------------------------------
     0 | D:1      | losten the Demonspawn Gladiator began the quest for the
                  | Orb.
     0 | D:1      | Reached XP level 1. HP: 16/16 MP: 1/1
   218 | D:1      | Gained mutation: A meltable shield of frost defends you.
                  | (SH +4) [demonic ancestry]
   218 | D:1      | Reached XP level 2. HP: 22/22 MP: 2/2
   272 | D:1      | Reached skill level 3 in Long Blades
  1231 | D:2      | Gained mutation: You may rarely emit foul miasma when
                  | damaged in melee. [demonic ancestry]
  1231 | D:2      | Reached XP level 3. HP: 27/28 MP: 3/3
  1381 | D:2      | Found an ornate altar of the Wu Jian Council.
  1971 | D:3      | You fall into a shaft and drop 3 floors!
  1979 | D:5      | Entered Level 5 of the Dungeon
  2091 | D:5      | Reached skill level 1 in Spellcasting
  2093 | D:5      | Reached XP level 4. HP: 34/34 MP: 5/5
  2124 | D:5      | Noticed an ogre
  2135 | D:5      | Killed an ogre
  2136 | D:5      | Reached skill level 1 in Maces & Flails
  2136 | D:5      | Reached XP level 5. HP: 39/39 MP: 5/7
  2136 | D:5      | Found a shimmering blue altar of Sif Muna.
  2295 | D:4      | Noticed an ogre
  2302 | D:4      | Killed an ogre
  2303 | D:4      | Reached skill level 4 in Long Blades
  2303 | D:4      | Reached skill level 1 in Armour
  2303 | D:4      | Gained mutation: You have large cloven feet. [demonic
                  | ancestry]
  2303 | D:4      | Reached XP level 6. HP: 46/46 MP: 7/9
  2450 | D:4      | Reached skill level 1 in Shields
  2470 | D:4      | Mangled by an ogre

Illustrated notes

Levels and vault maps discovered:
D:1:      matt_arrival_spirals, layout_basic, serial_forest,
          infiniplex_forest_zigzag_1, infiniplex_forest_zigzag_1,
          infiniplex_forest_end_3, infiniplex_forest_lined_3,
          infiniplex_forest_split, infiniplex_forest_clump_small,
          infiniplex_forest_end_double, minivault_24, hangedman_decor_riveting
D:2:      layout_loops_ring, basic_altar, corexii_item_surrounded_by_moat,
          serial_bayou_lagoon_a, grunt_decor_junction
D:3:      layout_loops_corners, nicolae_ecumenical_snake_handling,
          kennysheep_generic_room_13
D:4:      layout_loops_ring, gammafunk_temple_overflow_statue,
          mainiacjoe_overflow_divided_tiny, hangedman_abyss_or_decor_stagger
D:5:      layout_loops_cross, mainiacjoe_overflow_cross_hatched
D:6:      layout_cave_pools, worldfamousw_hep_ancestral_shrine,
          mainiacjoe_overflow_alcove_1, minmay_temple_entry_overgrown,
          uniq_menkaure, uniq_eustachio

Skill      XL: |  1  2  3  4  5  6 |
---------------+-------------------+-----
Dodging        | 3 |  3.3
Throwing       | 2 |  2.0
Long Blades    | 3 4 |  4.0
Spellcasting   | 1 2 |  2.1
Maces & Flails | 1 2 |  2.0
Armour         | 1 |  1.0
Fighting       | 3 |  3.2
Shields        | 1 |  1.4
Stealth        | |  0.6

Action                     |  1- 3 |  4- 6 || total
---------------------------+-------+-------++-------
  Melee: Long sword        |   166 |       ||   166
         Punch             |     1 |     1 ||     2
         Flail             |     9 |    80 ||    89
         Kick              |       |     9 ||     9
  Throw: Throwing net      |       |     2 ||     2
   Stab: Sleeping          |     1 |       ||     1
 Armour: Leather armour    |    92 |    56 ||   148
  Dodge: Dodged            |    94 |    46 ||   140
  Block: Other             |    16 |    14 ||    30
